Selects Special Operations Battlegroup
Selects M29 Weasel Recon Vehicle
Construct Medical Station
Construct Weapon Support Center
M3 Armored Personnel Carrier
Selects SSF Commando Squad
Improved M9 Bazooka Rockets
M1918 Browning Automatic Rifles
Selects Air Re-supply Operation
Selects Assault Operation
Selects P-47 Anti-Infantry Loiter
P-47 Anti-Infantry Loiter
Selects M4A1 Sherman Whizbang
P-47 Anti-Infantry Loiter